 Dungeon Crawl Stone Soup version 0.22.1-1-ga44c0e56f4 (webtiles) character file.

4675 alexkorkod the Reanimator (level 10, 0/72 (73) HPs)
             Began as a Human Necromancer on Sept 28, 2018.
             Was a Follower of Nemelex Xobeh.
             Killed by a card of wild magic (40 damage)
             ... on level 1 of the Lair of Beasts.
             The game lasted 01:46:05 (10915 turns).

alexkorkod the Reanimator (Human Necromancer)      Turns: 10915, Time: 01:46:05

HP:   0/72 (73)     AC: 14    Str: 11    XL:     10   Next: 71%
MP:   13/20         EV:  8    Int: 21    God:    Nemelex Xobeh [*.....]
Gold: 466           SH:  9    Dex: 19    Spells: 10/22 levels left

rFire    x . .     SeeInvis .   z - +4 falchion "Ozol" {protect, rElec MR+ Dex+4}
rCold    + + .     Gourm    .   E - +0 buckler
rNeg     . . .     Faith    .   H - +0 ice dragon scales
rPois    .         Spirit   .   p - +2 helmet
rElec    +         Reflect  +   y - scarf {repulsion}
rCorr    .         Harm     .   (no gloves)
MR       +....                  t - +0 pair of boots
Stlth    +.........             x - +4 amulet of reflection
HPRegen  0.22/turn              n - +6 ring of intelligence
MPRegen  0.17/turn              I - ring of wizardry

@: repel missiles
A: no striking features
a: Renounce Religion


You were on level 1 of the Lair of Beasts.
You worshipped Nemelex Xobeh.
Nemelex Xobeh was aware of your devotion.
You were hungry.

You visited 2 branches of the dungeon, and saw 11 of its levels.

You collected 673 gold pieces.
You spent 207 gold pieces at shops.

Inventory:

Hand Weapons
 z - the +4 falchion "Ozol" (weapon) {protect, rElec MR+ Dex+4}
   (You found it on level 6 of the Dungeon)

   It protects the one who uses it against injury (+AC on strike).
   It affects your dexterity (+4).
   It insulates you from electricity.
   It affects your resistance to hostile enchantments.
Missiles
 C - 114 arrows
 K - 5 tomahawks (quivered)
Armour
 p - a +2 helmet (worn)
 t - a +0 pair of boots (worn)
 y - a scarf of repulsion (worn)
 B - the +2 cloak of the Thief {+Fog Slay-2 SInv Stlth+}
   (You found it on level 10 of the Dungeon)

   It affects your accuracy and damage with ranged weapons and melee attacks
   (-2).
   It lets you see invisible.
   It makes you more stealthy.
 E - a +0 buckler (worn)
 H - +0 ice dragon scales (worn)
Jewellery
 n - a +6 ring of intelligence (left hand)
 x - a +4 amulet of reflection (around neck)
 I - a ring of wizardry (right hand)
Wands
 g - a wand of disintegration (9)
 q - a wand of iceblast (2)
 v - a wand of acid (9)
Scrolls
 b - 5 scrolls of identify
 e - a scroll of fog
 i - 2 scrolls of enchant armour {unknown}
 k - a scroll of magic mapping
 l - 4 scrolls of amnesia
 m - 4 scrolls of remove curse
 s - 3 scrolls of noise
 u - 3 scrolls of enchant weapon
 D - a scroll of blinking {unknown}
 G - 2 scrolls of fear {unknown}
Potions
 a - 2 potions of mutation
 d - 3 potions of curing
 f - 2 potions of agility {unknown}
 h - 4 potions of brilliance {unknown}
 j - 3 potions of degeneration {unknown}
 o - a potion of ambrosia
 r - a potion of berserk rage {unknown}
 w - a potion of lignification {unknown}
 F - a potion of resistance {unknown}
 L - a potion of magic
Miscellaneous
 A - a legendary deck of destruction {drawn: 3}
 J - a plain deck of summoning {drawn: 7}
Comestibles
 c - 11 rations
 M - 3 chunks of flesh


   Skills:
 - Level 4.9 Fighting
 * Level 6.4 Long Blades
   Level 3.9 Maces & Flails
 + Level 3.8 Armour
 - Level 2.3 Dodging
 - Level 2.2 Stealth
 + Level 1.4 Shields
 - Level 0.2 Unarmed Combat
 + Level 6.7 Spellcasting
 + Level 0.5 Charms
 * Level 9.1 Necromancy
 + Level 0.6 Invocations


You had 10 spell levels left.
You knew the following spells:

 Your Spells              Type           Power        Failure   Level  Hunger
a - Pain                  Necr           ####         1%          1    None
b - Animate Skeleton      Necr           N/A          1%          1    None
c - Vampiric Draining     Necr           #####.....   2%          3    #......
d - Animate Dead          Necr           N/A          9%          4    ###....
e - Regeneration          Chrm/Necr      ####......   16%         3    #......

Your spell library contained the following spells:

 Spells                   Type           Power        Failure   Level  Hunger
 Apportation              Tloc           #.....       34%         1    None
 Confusing Touch          Hex            #.....       34%         1    None
 Summon Small Mammal      Summ           #...         34%         1    None
 Call Imp                 Summ           #.......     47%         2    None
 Call Canine Familiar     Summ           #.......     71%         3    #......
 Summon Guardian Golem    Hex/Summ       #.......     71%         3    #......
 Summon Ice Beast         Ice/Summ       #.......     97%         4    ###....
 Summon Lightning Spire   Summ/Air       #.......     97%         4    ###....


Dungeon Overview and Level Annotations

Branches:
Dungeon (10/15)            Temple (0/1) D:4            Lair (1/6) D:10
    Orc: D:9-12

Altars:
Hepliaklqana
Kikubaaqudgha
Nemelex Xobeh
Sif Muna
Uskayaw
Xom
Beogh

Shops:
D:5 *(?   D:7 =   D:8 }

Annotations:
D:8 1 exclusion


Message History

You see here a wolf skeleton.
A black mamba comes into view.
You see here a wolf corpse.
You butcher the wolf corpse.
Things that are here:
a chunk of flesh; a wolf skeleton You see here a wolf corpse.
You butcher the wolf corpse.
The black mamba bites you.
You see here 2 chunks of flesh.
You block the black mamba's attack.
Casting: Vampiric Draining (safe; 2% risk of failure)
Confirm with . or Enter, or press ? or * to list all spells.
You don't know that spell.
Evoke which item? (* to show all) (? for menu, Esc to quit)
You draw a card...
It is Wild Magic.
There is a sudden explosion of magical energy!
The explosion engulfs the black mamba.
The explosion engulfs you!
Ouch! That really hurt!
You die...
Your body disappears without a glow.

# ......# ...... #
.#...... ....[# #
......# ....# # #
#....####.#.# .## #
##....#.##.#.##..#
#######...............#
................†÷....#
...............†.%....##
................@S.....#
####.###....#.+#+##...##
# .............. ...#
##..........#..... ....#
#.....#....#.....# ..##
#.....#........... ..#
......#....#.....# ..
#......#..........


You could see a black mamba.

Vanquished Creatures
  A two-headed ogre (D:8)
  Psyche (D:8)
  The ghost of Boostio the Chopper, an amateur MiGl (D:5)
  Prince Ribbit (D:7)
  A hippogriff (D:10)
  A hungry ghost (D:7)
  An orc warrior (D:4)
  A sky beast (D:6)
  2 necrophages (D:9)
  4 wolves (Lair:1)
  3 ogres
  4 centaurs
  Blork the orc (D:4)
  3 bullfrogs
  3 scorpions
  2 howler monkeys (D:8)
  4 crimson imps
  A quasit (D:8)
  A hound (D:7)
  2 jellies
  A centaur skeleton (D:4)
  3 orc priests
  Crazy Yiuf (D:2)
  A bullfrog skeleton (D:6)
  3 orc wizards (D:5)
  Natasha (thrice) (D:4)
  4 worker ants
  13 adders
  3 shadow imps
  3 oozes
  An adder zombie (D:6)
  5 worms
  4 dart slugs
  5 leopard geckos
  18 orcs
  10 bats
  7 giant cockroaches
  6 goblins
  4 hobgoblins
  8 jackals
  3 quokkas
  2 ball pythons
  4 frilled lizards
  A jackal skeleton (D:8)
  13 kobolds
  9 rats
173 creatures vanquished.

Vanquished Creatures (collateral kills)
  A porcupine (Lair:1)
  A sky beast (D:9)
  2 wolves (Lair:1)
  A big kobold (D:9)
  A bullfrog (D:10)
  2 howler monkeys
  A crimson imp (D:9)
  3 orc wizards (D:10)
  An adder skeleton (D:9)
  An orc (D:10)
  A bat (D:1)
  A quokka (D:3)
  2 kobolds (D:9)
18 creatures vanquished.

Grand Total: 191 creatures vanquished

Notes
Turn   | Place    | Note
-------+----------+-------------------------------------------
     0 | D:1      | alexkorkod the Human Necromancer began the quest for the
                  | Orb.
     0 | D:1      | Reached XP level 1. HP: 13/13 MP: 3/3
   113 | D:1      | Reached XP level 2. HP: 12/19 MP: 3/5
   313 | D:1      | Learned a level 1 spell: Animate Skeleton
   422 | D:1      | Reached XP level 3. HP: 10/25 MP: 1/6
   662 | D:1      | Learned a level 3 spell: Vampiric Draining
   915 | D:2      | Reached XP level 4. HP: 19/31 MP: 3/7
   930 | D:2      | Reached skill level 5 in Necromancy
  1655 | D:2      | Found a runed door.
  1659 | D:2      | Noticed Crazy Yiuf
  1677 | D:2      | HP: 1/31 [poisoned by Crazy Yiuf]
  1681 | D:2      | Killed Crazy Yiuf
  1681 | D:2      | Reached skill level 1 in Fighting
  1681 | D:2      | Reached XP level 5. HP: 5/37 MP: 4/9
  2021 | D:2      | Learned a level 4 spell: Animate Dead
  2224 | D:3      | Found a deep blue altar of Sif Muna.
  2283 | D:3      | Reached skill level 1 in Maces & Flails
  2470 | D:3      | Reached XP level 6. HP: 30/44 MP: 2/10
  3252 | D:3      | Found a hazy altar of Hepliaklqana.
  3254 | D:3      | Found a shimmering altar of Xom.
  3347 | D:4      | Reached XP level 7. HP: 21/51 MP: 7/12
  3673 | D:4      | Found a staircase to the Ecumenical Temple.
  3775 | D:4      | Reached skill level 6 in Necromancy
  3899 | D:4      | Noticed Blork the orc
  3914 | D:4      | Killed Blork the orc
  4011 | D:4      | Noticed Natasha
  4146 | D:4      | Killed Natasha
  4165 | D:4      | Found a runed gate.
  4167 | D:4      | Found a runed gate.
  4167 | D:4      | Noticed Boostio's ghost (amateur MiGl)
  4169 | D:4      | Found a runed gate.
  4169 | D:4      | Found a roughly hewn altar of Beogh.
  4586 | D:4      | Noticed Natasha
  4592 | D:4      | Killed Natasha
  4604 | D:4      | Reached XP level 8. HP: 51/58 MP: 14/14
  4777 | D:5      | Entered Level 5 of the Dungeon
  4850 | D:5      | Found Mauqo's Weapon Shoppe.
  5005 | D:5      | Found Qesaom's Magic Scroll Boutique.
  5008 | D:5      | Bought a scroll of teleportation for 39 gold pieces
  5008 | D:5      | Bought a scroll of teleportation for 39 gold pieces
  5008 | D:5      | Bought a scroll of amnesia for 45 gold pieces
  5008 | D:5      | Bought a scroll of identify for 26 gold pieces
  5044 | D:5      | Found Cuzaug Ifa's Assorted Antiques.
  5044 | D:5      | HP: 2/58 [orc wizard/puff of frost (7)]
  5048 | D:5      | Reached skill level 7 in Necromancy
  5104 | D:5      | Bought a black potion for 19 gold pieces
  5104 | D:5      | Bought 2 fizzy ruby potions for 39 gold pieces
  5810 | D:4      | Learned a level 3 spell: Regeneration
  5935 | D:4      | Reached skill level 5 in Spellcasting
  6060 | D:4      | Noticed Natasha
  6067 | D:4      | Killed Natasha
  6441 | D:5      | Killed Boostio's ghost
  6441 | D:5      | Reached XP level 9. HP: 25/65 MP: 14/17
  6860 | D:6      | Got an ichor-stained falchion
  6862 | D:6      | Identified the +4 falchion "Ozol" {protect, rElec MR+
                  | Dex+4} (You found it on level 6 of the Dungeon)
  7186 | D:6      | Reached skill level 1 in Long Blades
  7787 | D:7      | Noticed Prince Ribbit
  7821 | D:7      | Killed Prince Ribbit
  7994 | D:7      | Got an encrusted trident
  7995 | D:7      | Identified the +4 trident of the Known World {antimagic,
                  | rElec} (You found it on level 7 of the Dungeon)
  8265 | D:7      | Found Liorphir's Jewellery Emporium.
  8362 | D:7      | Reached skill level 1 in Armour
  8362 | D:7      | Paralysed by fainting for 12 turns
  8709 | D:8      | Reached skill level 8 in Necromancy
  8779 | D:8      | Noticed Psyche
  8789 | D:8      | Killed Psyche
  8910 | D:8      | Noticed a two-headed ogre
  8912 | D:8      | Reached XP level 10. HP: 65/73 MP: 15/19
  8926 | D:8      | Killed a two-headed ogre
  8926 | D:8      | Reached skill level 5 in Long Blades
  8927 | D:8      | Found Deimn's Gadget Shoppe.
  9313 | D:8      | Found a sparkling altar of Nemelex Xobeh.
  9336 | D:8      | Became a worshipper of Nemelex Xobeh the Trickster
  9370 | D:8      | Received a gift from Nemelex Xobeh
  9397 | D:8      | Reached skill level 1 in Shields
  9405 | D:8      | Got an ebony fustibalus
  9459 | D:8      | Found an ancient bone altar of Kikubaaqudgha.
  9888 | D:9      | Found a hide-covered altar of Uskayaw.
  9936 | D:9      | Noticed a hand axe
  9944 | D:9      | Noticed a dagger
 10080 | D:9      | Reached skill level 9 in Necromancy
 10207 | D:10     | Entered Level 10 of the Dungeon
 10208 | D:10     | Reached * piety under Nemelex Xobeh
 10208 | D:10     | Received a gift from Nemelex Xobeh
 10666 | D:10     | Found the +2 cloak of the Thief {+Fog Slay-2 SInv Stlth+}
 10811 | D:10     | Found a staircase to the Lair.
 10819 | Lair:1   | Entered Level 1 of the Lair of Beasts
 10910 | Lair:1   | Noticed a black mamba
 10915 | Lair:1   | Killed by a card of wild magic

Skill      XL: |  1  2  3  4  5  6  7  8  9 10 |
---------------+-------------------------------+-----
Necromancy     | 5 6 7 8 9 |  9.1
Fighting       | 1 2 3 4 |  4.9
Spellcasting   | 3 4 5 6 |  6.7
Maces & Flails | 1 2 3 |  3.9
Long Blades    | 4 6 |  6.4
Armour         | 2 3 |  3.8
Shields        | 1 |  1.4
Dodging        | |  2.3
Stealth        | |  2.2
Unarmed Combat | |  0.2
Charms         | |  0.5
Invocations    | |  0.6

Action                   |  1- 3 |  4- 6 |  7- 9 | 10-12 || total
-------------------------+-------+-------+-------+-------++-------
Melee: Unarmed           |    16 |       |       |       ||    16
       Whip              |     9 |       |       |       ||     9
       Mace              |     3 |    87 |   178 |       ||   268
       Falchion          |       |       |   122 |   114 ||   236
Throw: Tomahawk          |       |       |    11 |       ||    11
 Cast: Pain              |    30 |    50 |    26 |     2 ||   108
       Animate Skeleton  |     1 |    13 |       |       ||    14
       Vampiric Draining |       |    14 |    44 |    12 ||    70
       Animate Dead      |       |       |     6 |     1 ||     7
       Regeneration      |       |       |     3 |       ||     3
Evoke: Deck              |       |       |       |     9 ||     9
       Wand              |       |       |       |     2 ||     2
  Use: Potion            |       |     2 |     7 |       ||     9
       Scroll            |       |    11 |    10 |       ||    21
 Stab: Sleeping          |       |     2 |       |       ||     2
       Distracted        |       |       |       |     2 ||     2
  Eat: Chunk             |       |    10 |    12 |     3 ||    25
       Ration            |       |       |     4 |     1 ||     5
Armor: Leather armour    |    15 |    22 |       |       ||    37
       Robe              |       |     4 |     9 |       ||    13
       Ring mail         |       |       |    77 |       ||    77
       Ice dragon scales |       |       |    41 |   124 ||   165
Dodge: Dodged            |    39 |    94 |   177 |    69 ||   379
       Deflected         |       |     3 |     5 |       ||     8
Block: Buckler           |       |       |     8 |    66 ||    74
       Reflection        |       |       |       |     1 ||     1
       Rpst.: Falchion   |       |       |    29 |    15 ||    44
